 Dungeon Crawl Stone Soup version 0.31-a0-521-gc7390f8997 (webtiles) character file.

Game seed: 12954389553360941707

223948 LobsterGuardian the Brawler (level 18, -5/127 HPs)
             Began as a Demonspawn Shapeshifter on Aug 10, 2023.
             Was a High Priest of Nemelex Xobeh.
             Shot with an arrow by a centaur warrior (16 damage)
             ... on level 1 of the Vaults.
             The game lasted 02:36:52 (38977 turns).

LobsterGuardian the Brawler (DsSh)                 Turns: 38977, Time: 02:36:53

Health: -5/127     AC:  4    Str: 33    XL:     18   Next: 57%
Magic:  0/23       EV: 20    Int: 19    God:    Nemelex Xobeh [*****.]
Gold:   2497       SH:  5    Dex: 17    Spells: 12/17 levels left

rFire   + .          .
                       - Unarmed
rCold   x . .        E - +0 buckler
rNeg    + . .        G - melded +0 scale mail of the Orange Skies {*Slow rElec rN+ Int+5}
rPois   +            t - +1 hat
rElec   .            Z - +0 cloak
rCorr   +            (gloves unavailable)
SInv    .            F - +1 pair of boots of Supple Strength {rPois rF+ Str+3 Int+2}
Will    +....        U - amulet of regeneration
Stlth   +++          N - ring of the Sky {rC- rN+ rCorr Int+3 Stlth+}
HPRegen 1.21/turn    T - +6 ring of strength
MPRegen 0.36/turn

%: guardian spirit, wizardry (x1)
@: maw-form
A: devouring maw, demonic guardian 2, augmentation 1, magic shield, magic
regeneration, magic link, big brain 3, demonic touch 3, beak, strong 1,
evolution 1
}: 1/15 runes: decaying
a: Begin Untransformation, Renounce Religion, Draw Escape, Draw Destruction,
Draw Summoning, Triple Draw, Deal Four, Stack Five


You were on level 1 of the Vaults.
You worshipped Nemelex Xobeh.
Nemelex Xobeh was extremely pleased with you.
You were a creature with a mouth for a stomach.
You visited 7 branches of the dungeon, and saw 32 of its levels.
You visited the Abyss 1 time.
You also visited: Ossuary and Ice Cave.

You collected 2885 gold pieces.
You spent 388 gold pieces at shops.

Inventory:

Missiles
 y - 6 throwing nets
Armour
 t - a +1 hat (worn)
 E - a +0 buckler (worn)
 F - the +1 pair of boots of Supple Strength (worn) {rPois rF+ Str+3 Int+2}
   (You bought it in a shop on level 2 of the Orcish Mines)

   Str+3:     It affects your strength (+3).
   Int+2:     It affects your intelligence (+2).
   rF+:       It protects you from fire.
   rPois:     It protects you from poison
 G - the +0 scale mail of the Orange Skies (melded) {*Slow rElec rN+ Int+5}
   (You found it on level 7 of the Dungeon)

   Int+5:     It affects your intelligence (+5).
   rElec:     It insulates you from electricity.
   rN+:       It protects you from negative energy.
   *Slow:     It may slow you when you take damage.
 Z - a +0 cloak (worn)
Jewellery
 f - a +6 ring of intelligence
 k - a +5 ring of evasion
 v - a ring of ice
 C - a ring of fire
 D - a +6 ring of dexterity
 H - a +6 ring of dexterity
 I - an amulet of the acrobat
 J - a +5 ring of evasion
 M - a ring of ice
 N - the ring of the Sky (left hand) {rC- rN+ rCorr Int+3 Stlth+}
   (You found it on level 4 of the Swamp)

   [ring of resist corrosion]

   Int+3:     It affects your intelligence (+3).
   rC-:       It makes you vulnerable to cold.
   rN+:       It protects you from negative energy.
   rCorr:     It protects you from acid and corrosion.
   Stlth+:    It makes you more stealthy.
 S - a ring of see invisible
 T - a +6 ring of strength (right hand)
 U - an amulet of regeneration (around neck)
 X - a ring of protection from fire
Talismans
 c - a beast talisman
 d - a flux talisman
 A - a serpent talisman
 V - a maw talisman (active)
Wands
 a - a wand of paralysis (26)
 g - a wand of digging (10)
 l - a wand of mindburst (8)
 r - a wand of roots (2)
 w - a wand of flame (63)
 Q - a wand of polymorph (3)
Scrolls
 e - 5 scrolls of amnesia
 h - 2 scrolls of vulnerability
 i - 8 scrolls of identify
 j - 4 scrolls of immolation
 n - 4 scrolls of poison
 o - 2 scrolls of fear
 p - 9 scrolls of enchant armour
 B - 6 scrolls of fog
 O - 2 scrolls of silence
 P - a scroll of revelation
Potions
 m - 5 potions of enlightenment
 q - 3 potions of brilliance
 s - 7 potions of lignification
 u - 2 potions of ambrosia
 x - 4 potions of cancellation
 z - a potion of berserk rage
 K - a potion of magic
 R - 2 potions of curing
 W - a potion of haste
 Y - a potion of might
Miscellaneous
 L - a condenser vane (inert)


   Skills:
 + Level 7.3 Fighting
 + Level 7.2 Armour
 * Level 14.3 Dodging
 * Level 4.1 Shields
 + Level 20.6 Unarmed Combat
 - Level 5.0 Translocations
 + Level 7.0 Invocations
 + Level 13.3 Shapeshifting


You had 12 spell levels left.
You knew the following spells:

 Your Spells              Type           Power      Damage    Failure   Level
a - Blink                 Tloc           38%        N/A       1%          2
b - Teleport Other        Tloc           19%        N/A       3%          3

Your spell library contained the following spells:

 Spells                   Type           Power      Damage    Failure   Level
 Apportation              Tloc           38%        N/A       1%          1
 Lesser Beckoning         Tloc           38%        N/A       1%          2
 Gell's Gravitas          Tloc           19%        N/A       3%          3
 Momentum Strike          Conj/Tloc      18%        3d8       5%          2
 Kiss of Death            Conj/Necr      0%         2d5       10%         1
 Necrotise                Necr           0%         1d4       10%         1
 Sandblast                Erth           0%         2d4       10%         1
 Summon Small Mammal      Summ           0%         N/A       10%         1
 Portal Projectile        Hex/Tloc       18%        N/A       11%         3
 Volatile Blastmotes      Fire/Tloc      18%        2d11      11%         3
 Cigotuvi's Dreadful Rot  Necr/Pois/Air  0%         N/A       14%         2
 Passwall                 Tmut/Erth      0%         N/A       14%         2
 Static Discharge         Conj/Air       0%         2-2/arc   14%         2
 Call Canine Familiar     Summ           0%         N/A       26%         3
 Confusing Touch          Hex            0%         N/A       26%         3
 Dazzling Flash           Conj/Hex       0%         N/A       26%         3
 Ignite Poison            Fire/Tmut/Pois 0%         N/A       26%         3
 Stone Arrow              Conj/Erth      0%         3d7       26%         3
 Summon Guardian Golem    Hex/Summ       0%         N/A       26%         3
 Vampiric Draining        Necr           0%         2d6       26%         3
 Iskenderun's Mystic Bla  Conj/Tloc      9%         2d4       32%         4
 Airstrike                Air            0%         2d(0-16)  65%         4
 Animate Dead             Necr           0%         N/A       65%         4
 Dispel Undead            Necr           0%         3d6       65%         4
 Fulminant Prism          Conj/Hex       0%         3d5       65%         4
 Leda's Liquefaction      Hex/Erth       0%         N/A       65%         4
 Olgreb's Toxic Radiance  Pois           0%         N/A       65%         4
 Sticky Flame             Conj/Fire      0%         2d3       65%         4
 Summon Lightning Spire   Summ/Air       0%         N/A       65%         4
 Dispersal                Tloc           9%         N/A       86%         6
 Agony                    Necr           0%         N/A       92%         5
 Alistair's Intoxication  Tmut/Pois      0%         N/A       92%         5
 Borgnjor's Vile Clutch   Necr/Erth      0%         N/A       92%         5
 Freezing Cloud           Conj/Ice/Air   0%         6-21      92%         5
 Irradiate                Conj/Tmut      0%         3d11      92%         5
 Metabolic Englaciation   Hex/Ice        0%         N/A       92%         5
 Silence                  Hex/Air        0%         N/A       92%         5
 Yara's Violent Unravell  Hex/Tmut       0%         3d3       92%         5
 Death Channel            Necr           0%         N/A       100%        6
 Eringya's Noxious Bog    Tmut/Pois      0%         4d6       100%        6
 Orb of Destruction       Conj           0%         9d5       100%        7
 Spellforged Servitor     Conj/Summ      0%         N/A       100%        7
 Discord                  Hex            0%         N/A       100%        8
 Ignition                 Fire           0%         3d3       100%        8


Dungeon Overview and Level Annotations

Branches:
Dungeon (15/15)            Temple (1/1) D:5            Lair (5/5) D:11
  Swamp (4/4) Lair:2        Snake (4/4) Lair:3        Slime (0/5) Lair:5
    Orc (2/2) D:12            Elf (0/3) Orc:2        Vaults (1/5) D:13
 Depths (0/4) D:15        Ossuary (visited)           IceCv (visited)

Altars:
Ashenzari
Cheibriados
Dithmenos
Fedhas
Gozag
Hepliaklqana
Kikubaaqudgha
Makhleb
Nemelex Xobeh
Okawaru
Qazlal
Ru
Sif Muna
Trog
Uskayaw
Vehumet
Wu Jian
Xom
Yredelemnul
Jiyva
Lugonu

Shops:
D:3 !   D:6 [   D:7 *!   D:8 *   D:9 *   Orc:2 :[(!

Portals:
Abyss: Lair:5

Annotations:
Lair:2 2 transporters, LobsterGuardian's ghost, journeyman GrAr
Orc:1 3 runed translucent doors, Etoax's ghost, journeyman GrFi


Innate Abilities, Weirdness & Mutations

You are a creature with a mouth for a stomach.
Your midsection houses a second, enormous mouth.
A demonic guardian rushes to your aid.
Your magical and physical power is slightly enhanced at high health.
When hurt, damage is shared between your health and your magic reserves.
You regenerate magic rapidly.
When low on magic, you restore magic in place of health.
You have an absolutely massive brain. (Int +6, Wiz)
Your touch may irresistibly damage your foes and sap their willpower.
You have a beak for a mouth.
Your muscles are strong. (Str +4, Int/Dex -1)
You have hidden genetic potential.


Message History

The centaur warrior barely misses you.
The centaur warrior shoots an arrow.
The arrow completely misses you.
The yaktaur shoots a bolt.
You block the bolt.
The centaur warrior shoots an arrow.
The arrow closely misses you.
Unknown command.
Unknown command.
Okay, then.
You draw a card...
You have drawn Velocity.
The centaur warrior seems to slow down.
The ironbound thunderhulk seems to slow down.
The yaktaur seems to slow down.
Your sixfirhy barely misses the centaur warrior.
The centaur warrior shoots an arrow.
The arrow hits your sixfirhy!! The centaur warrior misses you.
You block the centaur warrior's attack.
The centaur warrior shoots an arrow.
The arrow hits you!
* * * LOW HITPOINT WARNING * * *
Your sixfirhy barely misses the centaur warrior.
The yaktaur shoots a bolt.
The bolt hits your sixfirhy!!
Your sixfirhy dies!
Your sixfirhy disappears in a puff of smoke!
The centaur warrior shoots an arrow.
You block the arrow.
You feel much better.
The centaur warrior shoots an arrow.
The arrow barely misses you. The centaur warrior misses you.
The centaur warrior kicks you but does no damage.
The centaur warrior shoots an arrow.
You block the arrow.
The yaktaur shoots a bolt.
The bolt misses you.
The centaur warrior shoots an arrow.
You block the arrow.
Unknown command.
Unknown command.
You draw a card...
You have drawn the Elements.
The centaur warrior shoots an arrow.
The arrow hits you!
* * * LOW HITPOINT WARNING * * *
A demonic guardian appears!
The centaur warrior completely misses you.
You block the centaur warrior's attack.
The centaur warrior shoots an arrow.
The arrow closely misses your smoke demon.
The arrow hits you!
* * * LOW HITPOINT WARNING * * *
The centaur warrior shoots an arrow.
The arrow hits you!!
You die...
Your body glows with a rainbow of weird colours and disappears.

#..............)'..####
#.......###########
#.......# #.......#
#.......# ######'######
.............#
.........Y...+
........O.Wc.#
.ยง.........3.#
.........h9.c#
.............#
...........cc#
............#
...........#
..........#


You could see an ironbound thunderhulk (slow, ally target), 3 centaur warriors,
a yaktaur (slow), a friendly catoblepas (summoned), a friendly polar bear
(summoned), a friendly smoke demon (summoned) and a friendly molten gargoyle
(summoned).

Vanquished Creatures
  Vashnia (Snake:3)
  A storm dragon (Snake:4)
  Aizul (Snake:3)
  2 nagarajas
  A fenstrider witch (Swamp:4)
  Louise (Snake:3)
  A quicksilver ooze (Lair:5)
  An ironbound preserver (Vaults:1)
  An orc warlord (Orc:2)
  3 eleionomae
  8 bunyips
  A white draconian (IceCv)
  2 fire dragons (Swamp:4)
  2 yaktaur captains (Vaults:1)
  A rakshasa (D:15)
  7 ice dragons (IceCv)
  3 shambling mangroves
  A salamander tyrant (Snake:4)
  16 hydras
  Erolcha (D:9)
  4 centaur warriors
  5 ironbound frosthearts (IceCv)
  2 boulder beetles
  A ghost crab (Swamp:2)
  10 anacondas
  3 two-headed ogres
  20 naga warriors
  A tengu warrior (D:13)
  A satyr (shapeshifter) (Lair:5)
  A death yak (D:11)
  9 alligators
  3 shock serpents
  An orc high priest (Orc:2)
  4 thrashing horrors (Lair:5)
  13 naga sharpshooters
  Urug (D:11)
  2 skysharks
  4 deep trolls (Vaults:1)
  4 salamander mystics
  4 skeletal warriors (D:14)
  5 spriggan druids
  A fire crab (Snake:1)
  6 goliath frogs
  4 sea snakes (Snake:4)
  A glowing orange brain (D:15)
  4 naga ritualists
  A bog body (Swamp:3)
  An orange crystal statue (IceCv)
  A steelbarb worm (Orc:2)
  An orc knight (Orc:2)
  7 swamp dragons
  A necromancer (D:13)
  8 lindwurms
  20 ugly things
  11 salamanders
  2 mana vipers
  4 orc sorcerers (Orc:2)
  6 cyclopes
  6 will-o-the-wisps
  6 manticores
  8 elephants
  5 guardian serpents
  33 black mambas
  2 gargoyles
  20 naga magi
  2 smoke demons (Lair:5)
  2 molten gargoyles (Swamp:4)
  4 unseen horrors
  15 cane toads
  The ghost of Heh the Trooper, a novice OpSh of Okawaru (D:5)
  12 komodo dragons
  A komodo dragon (shapeshifter) (Lair:5)
  2 kobold demonologists (D:11)
  2 yaktaurs (Vaults:1)
  10 rime drakes
  An efreet (Abyss:1)
  An ancient zyme (Abyss:1)
  2 queen bees
  7 trolls
  2 meliai
  A troll (shapeshifter) (Lair:5)
  9 hornets
  5 polar bears (IceCv)
  9 tyrant leeches
  7 blink frogs
  2 raiju (Lair:5)
  A raiju (shapeshifter) (D:13)
  A jumping spider (Snake:4)
  14 slime creatures
  An air elemental (D:14)
  11 spriggans
  A spriggan (shapeshifter) (D:14)
  Sigmund (D:4)
  7 wraiths
  32 yaks
  2 vampires
  2 ynoxinuls (Lair:5)
  A fire bat (IceCv)
  A basilisk (shapeshifter) (D:13)
  5 hogs (Snake:1)
  5 steam dragons
  A fire elemental (Swamp:4)
  13 basilisks
  2 large abominations
  2 wyverns (Lair:3)
  15 vampire mosquitoes
  A redback (shapeshifter) (D:15)
  31 nagas
  12 swamp worms
  An acid dragon (Snake:1)
  13 water moccasins
  3 ice beasts
  22 orc warriors
  5 swamp drakes (Swamp:4)
  4 black bears
  6 sky beasts
  A tengu (D:12)
  6 ogres
  A boggart (D:8)
  4 wolves
  8 centaurs
  A phantom (D:5)
  2 kobold brigands
  An elf zombie (Ossuary)
  16 bullfrogs
  5 scorpions
  14 small abominations
  10 wights (D:8)
  25 killer bees
  An electric eel (Lair:3)
  2 howler monkeys (D:10)
  3 quasits (D:5)
  10 hounds
  4 jellies
  3 gnoll boudas
  3 sleepcaps
  20 orc priests
  6 iguanas
  23 orc wizards
  2 hound zombies (Ossuary)
  4 mummies (Ossuary)
  11 gnolls
  7 adders
  A river rat (D:13)
  2 adder zombies (Ossuary)
  7 dart slugs
  3 worms
  102 orcs
  9 endoplasms
  6 giant cockroaches
  7 goblins
  10 hobgoblins
  12 jackals
  A quokka (D:1)
  11 ball pythons
  4 bats
  6 frilled lizards
  3 goblin zombies (Ossuary)
  2 hobgoblin zombies (Ossuary)
  17 kobolds
  5 rats
  A rat zombie (Ossuary)
  A butterfly (Lair:3)
1028 creatures vanquished.

Vanquished Creatures (collateral kills)
  Jorgrun (D:13)
  Kirke (Snake:1)
  Nessos (Orc:2)
  2 bunyips (Swamp:4)
  Snorg (Orc:2)
  A spriggan air mage (Swamp:3)
  A hydra (Swamp:4)
  A fenstrider witch skeleton (Abyss:1)
  A two-headed ogre (D:9)
  A centaur warrior (D:15)
  An alligator (Swamp:4)
  Sonja (Orc:2)
  3 naga sharpshooters
  A death drake (Snake:1)
  A spriggan druid (Swamp:2)
  A swamp dragon (Snake:1)
  An oklob plant (Lair:3)
  An orc sorcerer (Orc:2)
  A mana viper (Snake:2)
  A salamander (Snake:2)
  3 ugly things
  A will-o-the-wisp (Swamp:4)
  A cyclops (D:12)
  A manticore (D:12)
  2 elephants
  2 black mambas
  A naga mage (Snake:2)
  2 ice statues (D:14)
  A cane toad (Lair:3)
  2 komodo dragons
  A kobold demonologist (D:12)
  An efreet (Abyss:1)
  4 hornets
  A polar bear (Lair:3)
  A blink frog (Lair:5)
  A slime creature (D:15)
  A spriggan (Swamp:2)
  9 yaks
  A redback (Snake:1)
  2 vampire mosquitoes (D:10)
  A warg (Orc:2)
  A swamp worm (Swamp:1)
  6 nagas
  2 water moccasins
  4 orc warriors
  4 centaurs
  A boggart (Orc:2)
  A bullfrog (D:9)
  A scorpion (Orc:2)
  2 wights (D:8)
  4 killer bees (Lair:1)
  A howler monkey (Lair:5)
  A jelly (D:8)
  3 orc priests
  A centaur simulacrum (D:9)
  2 gnolls (D:2)
  A shadow imp (D:5)
  11 orcs
  A ball python (D:2)
  A goblin (D:2)
  4 jackals (D:1)
  A jackal zombie (Ossuary)
  2 butterflies (Lair:3)
117 creatures vanquished.

Vanquished Creatures (others)
  2 bloated husks
  A spriggan (Swamp:1)
  A steam dragon (Swamp:4)
  4 swamp drakes (Swamp:4)
  A jelly (D:5)
  42 foxfires
  9 starspawn tentacles (Abyss:1)
60 creatures vanquished.

Grand Total: 1205 creatures vanquished

Notes
Turn   | Place    | Note
-------+----------+-------------------------------------------
     0 | D:1      | LobsterGuardian the Demonspawn Shapeshifter began the quest
                  | for the Orb.
     0 | D:1      | Reached XP level 1. HP: 15/15 MP: 1/1
   130 | D:1      | Reached skill level 3 in Unarmed Combat
   295 | D:1      | Gained mutation: A weak demonic guardian rushes to your
                  | aid. [demonic ancestry]
   295 | D:1      | Reached XP level 2. HP: 21/21 MP: 2/2
  1015 | D:2      | Found an ancient bone altar of Kikubaaqudgha.
  1085 | D:2      | Reached XP level 3. HP: 17/26 MP: 3/3
  1579 | D:2      | Gained mutation: Your touch may inflict minor irresistible
                  | damage on your foes. [demonic ancestry]
  1579 | D:2      | Reached XP level 4. HP: 13/32 MP: 4/4
  1588 | D:2      | Reached skill level 4 in Unarmed Combat
  2164 | D:3      | Found Hikhlauce's Distillery.
  2179 | D:3      | Bought a potion of mutation for 88 gold pieces
  2180 | D:3      | Gained mutation: You expend magic power (3 MP) to
                  | strengthen your wands. [potion of mutation]
  2180 | D:3      | Gained mutation: You are dopey. (Int -2) [potion of
                  | mutation]
  2180 | D:3      | Gained mutation: You are covered in fur. (AC +1) [potion of
                  | mutation]
  2211 | D:3      | Gained mutation: A demonic guardian rushes to your aid.
                  | [demonic ancestry]
  2211 | D:3      | Reached XP level 5. HP: 32/37 MP: 5/5
  2255 | D:3      | Noticed a sky beast
  2285 | D:3      | Killed a sky beast
  2920 | D:3      | You fall into a shaft and drop 2 floors!
  2920 | D:5      | Entered Level 5 of the Dungeon
  2920 | D:5      | Found a sand-covered staircase.
  2925 | Ossuary  | Entered an ossuary
  2938 | Ossuary  | Reached skill level 5 in Unarmed Combat
  2942 | Ossuary  | Gained mutation: You regenerate magic rapidly. [demonic
                  | ancestry]
  2942 | Ossuary  | Reached XP level 6. HP: 38/43 MP: 6/6
  3238 | D:5      | Found a radiant altar of Vehumet.
  3276 | D:5      | Noticed an ice beast
  3288 | D:5      | Killed an ice beast
  3289 | D:5      | Reached skill level 6 in Unarmed Combat
  3289 | D:5      | Reached XP level 7. HP: 17/49 MP: 7/7
  3290 | D:5      | Reached skill level 1 in Armour
  3404 | D:5      | Found a staircase to the Ecumenical Temple.
  3413 | Temple   | Entered the Ecumenical Temple
  3443 | Temple   | Became a worshipper of Nemelex Xobeh the Trickster
  3866 | D:5      | Found a transporter.
  3870 | D:5      | Noticed Heh's ghost (novice OpSh)
  3901 | D:5      | Reached skill level 1 in Invocations
  3908 | D:5      | Reached skill level 7 in Unarmed Combat
  3962 | D:5      | Found a transporter.
  4019 | D:5      | Gained mutation: When hurt, damage is shared between your
                  | health and your magic reserves. [demonic ancestry]
  4019 | D:5      | Reached XP level 8. HP: 55/56 MP: 8/8
  4447 | D:4      | Reached * piety under Nemelex Xobeh
  4604 | D:4      | Found an iron altar of Okawaru.
  4683 | D:4      | Received a gift from Nemelex Xobeh
  4814 | D:4      | Noticed Sigmund
  4816 | D:4      | Killed Sigmund
  4817 | D:4      | Reached skill level 8 in Unarmed Combat
  5697 | D:6      | Gained mutation: You have an unusually large brain. (Int
                  | +2) [demonic ancestry]
  5697 | D:6      | Reached XP level 9. HP: 48/61 MP: 7/11
  5840 | D:6      | Reached skill level 5 in Shapeshifting
  5918 | D:6      | Reached ** piety under Nemelex Xobeh
  5928 | D:6      | Reached skill level 9 in Unarmed Combat
  6022 | D:6      | Received a gift from Nemelex Xobeh
  6069 | D:6      | Found Buemuth's Armour Boutique.
  6090 | D:6      | Bought a +0 pair of gloves for 63 gold pieces
  6711 | D:7      | Found a snail-covered altar of Cheibriados.
  6757 | D:7      | Identified the +0 scale mail of the Orange Skies {*Slow
                  | rElec rN+ Int+5}
  6758 | D:7      | Found Diekhlote's General Store.
  7033 | D:7      | Found an ancient bone altar of Kikubaaqudgha.
  7129 | D:7      | Found Odaq's Distillery.
  7235 | D:8      | Found Daysal's Demolitions Depot.
  7510 | D:8      | Received a gift from Nemelex Xobeh
  7564 | D:8      | Paralysed by a hornet for 3 turns
  7569 | D:8      | Reached skill level 10 in Unarmed Combat
  8067 | D:8      | Reached *** piety under Nemelex Xobeh
  8271 | D:8      | Found a burning altar of Makhleb.
  8272 | D:8      | Found an ornate altar of the Wu Jian Council.
  8274 | D:8      | Found a shadowy altar of Dithmenos.
  8381 | D:8      | Gained mutation: You have an extremely huge brain. (Int +4)
                  | [demonic ancestry]
  8381 | D:8      | Reached XP level 10. HP: 58/68 MP: 11/13
  8539 | D:9      | Found Luamor's Assorted Antiques.
  8679 | D:9      | Noticed Erolcha
  8683 | Abyss:1  | Found a corrupted altar of Lugonu.
  8683 | Abyss:1  | Cast into level 1 of the Abyss (Erolcha)
  8725 | Abyss:1  | Found a corrupted altar of Lugonu.
  8733 | Abyss:1  | Noticed a tentacled starspawn
  8803 | Abyss:1  | Reached skill level 5 in Invocations
  9045 | Abyss:1  | Noticed a worldbinder
  9048 | Abyss:1  | Noticed a worldbinder
  9054 | Abyss:1  | Noticed a bog body
  9066 | Abyss:1  | Noticed a rakshasa
  9068 | Abyss:1  | Noticed a smoke demon
  9070 | Abyss:1  | Noticed a tentacled starspawn
  9079 | Abyss:1  | Noticed a bog body
  9132 | Abyss:1  | Noticed a tentacled starspawn
  9135 | Abyss:1  | Found a corrupted altar of Lugonu.
  9153 | Abyss:1  | Noticed a smoke demon
  9187 | Abyss:1  | Reached **** piety under Nemelex Xobeh
  9187 | Abyss:1  | Received a gift from Nemelex Xobeh
  9193 | Abyss:1  | Noticed a large abomination
  9209 | Abyss:1  | Noticed a thrashing horror
  9223 | Abyss:1  | Noticed a cacodemon
  9224 | Abyss:1  | Noticed an apocalypse crab
  9225 | Abyss:1  | Noticed a smoke demon
  9228 | Abyss:1  | Noticed a large abomination
  9233 | Abyss:1  | Noticed a worldbinder
  9237 | Abyss:1  | Noticed a merfolk aquamancer
  9237 | Abyss:1  | Noticed a merfolk aquamancer
  9237 | Abyss:1  | Noticed a merfolk aquamancer
  9242 | Abyss:1  | Gained mutation: You are weak. (Str -2) [a cacodemon]
  9316 | Abyss:1  | Received a gift from Nemelex Xobeh
  9350 | D:9      | Escaped the Abyss
  9354 | D:9      | Killed Erolcha
  9355 | D:9      | Reached skill level 11 in Unarmed Combat
  9482 | D:9      | Identified the +3 chain mail of Youthful Indiscretion {Fly
                  | rN+++ Str-4}
  9805 | D:9      | Noticed a two-headed ogre
  9814 | D:9      | Killed a two-headed ogre
  9823 | D:9      | Reached skill level 5 in Armour
  9823 | D:9      | Reached XP level 11. HP: 57/74 MP: 7/15
  9892 | D:9      | Noticed a two-headed ogre
  9894 | D:9      | Identified the +0 long sword "Usumyiro" {venom, +Blink Fly
                  | Int+3 Dex+5}
  9896 | D:9      | Noticed a centaur warrior
  9939 | D:9      | Noticed a boulder beetle
  9957 | D:9      | Killed a two-headed ogre
  9958 | D:9      | Reached skill level 5 in Dodging
  9977 | D:9      | Killed a centaur warrior
 10165 | D:9      | Killed a boulder beetle
 10651 | D:9      | Found a broken altar of Ashenzari.
 10653 | D:9      | Found a basalt altar of Yredelemnul.
 10653 | D:9      | Found a shimmering altar of Xom.
 10654 | D:9      | Found a blossoming altar of Fedhas.
 10659 | D:9      | Found a shimmering blue altar of Sif Muna.
 10708 | D:10     | Entered Level 10 of the Dungeon
 10708 | D:10     | Received a gift from Nemelex Xobeh
 10765 | D:10     | Reached skill level 12 in Unarmed Combat
 11102 | D:10     | Reached ***** piety under Nemelex Xobeh
 11472 | D:11     | Received a gift from Nemelex Xobeh
 11490 | D:11     | You fall into a shaft and drop 2 floors!
 11530 | D:13     | Noticed Jorgrun
 11679 | D:11     | Gained mutation: Your touch may inflict irresistible damage
                  | on your foes. [demonic ancestry]
 11679 | D:11     | Reached XP level 12. HP: 79/81 MP: 15/17
 11781 | D:11     | Noticed a death yak
 11782 | D:11     | Found a staircase to the Lair.
 11799 | D:11     | Killed a death yak
 11935 | D:11     | Noticed Urug
 11942 | D:11     | Killed Urug
 12160 | D:11     | Received a gift from Nemelex Xobeh
 12386 | D:12     | Noticed a boulder beetle
 12869 | D:12     | Reached skill level 13 in Unarmed Combat
 12942 | D:12     | Killed a boulder beetle
 13123 | D:12     | Received a gift from Nemelex Xobeh
 13210 | D:12     | Lost mutation: You are dopey. (Int -2) [potion of mutation]
 13210 | D:12     | Lost mutation: You expend magic power (3 MP) to strengthen
                  | your wands. [potion of mutation]
 13210 | D:12     | Lost mutation: You are weak. (Str -2) [potion of mutation]
 13210 | D:12     | Gained mutation: You are agile. (Dex +4, Str/Int -1)
                  | [potion of mutation]
 13210 | D:12     | Gained mutation: You are resistant to electric shocks.
                  | (rElec) [potion of mutation]
 13210 | D:12     | Gained mutation: You are partially covered in large bone
                  | plates. (SH +4) [potion of mutation]
 13236 | D:12     | Found a staircase to the Orcish Mines.
 13386 | D:13     | Killed Jorgrun
 13536 | D:13     | Noticed a centaur warrior
 13541 | D:13     | Killed a centaur warrior
 13605 | D:13     | Noticed a four-headed hydra
 13613 | D:13     | Killed a four-headed hydra
 13715 | D:13     | Noticed a two-headed ogre
 13726 | D:13     | Killed a two-headed ogre
 13727 | D:13     | Reached XP level 13. HP: 88/88 MP: 18/18
 13841 | D:13     | Received a gift from Nemelex Xobeh
 13884 | D:13     | Found a gate to the Vaults.
 13913 | D:13     | Reached skill level 14 in Unarmed Combat
 13984 | D:13     | Found a hazy altar of Hepliaklqana.
 14533 | D:14     | Paralysed by an air elemental for 1 turns
 14645 | D:14     | Found a stormy altar of Qazlal.
 14668 | D:14     | Found a frozen archway.
 14701 | IceCv    | Entered an ice cave
 14948 | IceCv    | Noticed a white draconian
 14962 | IceCv    | Killed a white draconian
 14973 | IceCv    | Reached skill level 10 in Shapeshifting
 15258 | IceCv    | Reached skill level 15 in Unarmed Combat
 15970 | IceCv    | Noticed a frost giant
 16221 | IceCv    | Gained mutation: Your touch may irresistibly damage your
                  | foes and sap their willpower. [demonic ancestry]
 16221 | IceCv    | Reached XP level 14. HP: 86/95 MP: 14/19
 16227 | IceCv    | Noticed a frost giant
 17153 | Lair:1   | Entered Level 1 of the Lair of Beasts
 17191 | Lair:1   | Received a gift from Nemelex Xobeh
 17196 | Lair:1   | Identified the +3 orcbow "Umuf Hax" {antimagic, rElec
                  | Will+++ Dex-2 Stlth+}
 18309 | Lair:1   | Reached ****** piety under Nemelex Xobeh
 18816 | Lair:2   | Received a gift from Nemelex Xobeh
 18925 | Lair:2   | Noticed LobsterGuardian's ghost (journeyman GrAr)
 18930 | Lair:2   | Found a transporter.
 19334 | Lair:2   | Reached skill level 10 in Dodging
 19429 | Lair:2   | Found a staircase to the Swamp.
 19620 | Lair:2   | Found a transporter.
 19621 | Lair:2   | Received a gift from Nemelex Xobeh
 19944 | Lair:3   | Reached skill level 16 in Unarmed Combat
 20881 | Lair:3   | Got the Omnibus of Spectral Changing
 21106 | Lair:3   | Received a gift from Nemelex Xobeh
 21296 | Lair:3   | Found a staircase to the Snake Pit.
 21674 | Lair:4   | Got the Codex of the Excursion and Hail
 22127 | Lair:4   | Received a gift from Nemelex Xobeh
 22425 | Lair:5   | Entered Level 5 of the Lair of Beasts
 22426 | Lair:5   | a catoblepas changed into a quicksilver ooze
 22426 | Lair:5   | Noticed a quicksilver ooze
 22432 | Lair:5   | Killed a quicksilver ooze
 22463 | Lair:5   | Received a gift from Nemelex Xobeh
 22515 | Lair:5   | Gained mutation: When low on magic, you restore magic in
                  | place of health. [demonic ancestry]
 22515 | Lair:5   | Reached XP level 15. HP: 98/101 MP: 18/20
 23365 | Lair:5   | Found a viscous altar of Jiyva.
 23365 | Lair:5   | Found a staircase to the Slime Pits.
 23407 | Lair:5   | Reached skill level 5 in Fighting
 23458 | Lair:5   | Identified the +3 war axe of Zealous Punishment {speed,
                  | Contam rElec rN+++ Dex-4}
 23494 | Lair:5   | Reached skill level 17 in Unarmed Combat
 23714 | Lair:5   | Found a corrupted altar of Lugonu.
 23714 | Lair:5   | Found a one-way gate to the infinite horrors of the Abyss.
 24798 | D:14     | Received a gift from Nemelex Xobeh
 25044 | D:15     | Entered Level 15 of the Dungeon
 25056 | D:15     | Identified the +0 long sword of Doom {elec, rN++ rCorr
                  | Str+3 Dex-5}
 25197 | D:15     | Found a staircase to the Depths.
 25914 | Orc:1    | Entered Level 1 of the Orcish Mines
 26067 | Orc:1    | Received a gift from Nemelex Xobeh
 26525 | Orc:1    | Found a runed translucent gate.
 26526 | Orc:1    | Found a runed translucent gate.
 26526 | Orc:1    | Noticed Etoax's ghost (journeyman GrFi)
 26528 | Orc:1    | Found a runed translucent gate.
 26589 | Orc:1    | Found a shimmering altar of Xom.
 27117 | D:5      | Killed Heh's ghost
 27363 | Orc:2    | Entered Level 2 of the Orcish Mines
 27363 | Orc:2    | Received a gift from Nemelex Xobeh
 27364 | Orc:2    | Noticed Saint Roka
 27369 | Orc:2    | Saint Roka changed into Saint Roka the eleionoma
 27369 | Orc:2    | Noticed Saint Roka
 27375 | Orc:2    | Killed Saint Roka the eleionoma
 27404 | Orc:2    | Found a staircase to the Elven Halls.
 27561 | Orc:2    | Found Roelioxi's Book Shoppe.
 27855 | Orc:2    | Received a gift from Nemelex Xobeh
 27875 | Orc:2    | Noticed Nessos
 27876 | Orc:2    | Noticed Snorg
 27879 | Orc:2    | Noticed Sonja
 27881 | Orc:2    | Killed Nessos
 27884 | Orc:2    | Killed Snorg
 27885 | Orc:2    | Reached skill level 18 in Unarmed Combat
 27893 | Orc:2    | Killed Sonja
 28201 | Orc:2    | Found Awna's Distillery.
 28395 | Orc:2    | Found Otsaasaxzu's Antique Weapon Emporium.
 28408 | Orc:2    | Found Geumem's Antique Armour Shoppe.
 28423 | Orc:2    | Bought a pair of faintly glowing boots for 237 gold pieces
 28423 | Orc:2    | Identified the +1 pair of boots of Supple Strength {rPois
                  | rF+ Str+3 Int+2} (You bought it in a shop on level 2 of the
                  | Orcish Mines)
 28781 | Snake:1  | Entered Level 1 of the Snake Pit
 28799 | Snake:1  | Gained mutation: Your magical and physical power is
                  | slightly enhanced at high health. [demonic ancestry]
 28799 | Snake:1  | Reached XP level 16. HP: 84/109 MP: 17/21
 28877 | Snake:1  | You fall into a shaft and drop 1 floor!
 29455 | Snake:1  | Noticed Kirke
 29471 | Snake:1  | Killed Kirke
 30082 | Snake:1  | Learned a level 2 spell: Blink
 30220 | Snake:1  | Reached skill level 1 in Translocations
 30558 | Snake:1  | Received a gift from Nemelex Xobeh
 31021 | Snake:2  | Reached skill level 19 in Unarmed Combat
 31813 | Snake:3  | Noticed Aizul
 31828 | Snake:3  | Killed Aizul
 32420 | Snake:3  | Noticed Vashnia
 32470 | Snake:3  | Killed Vashnia
 32531 | Snake:3  | Received a gift from Nemelex Xobeh
 32618 | Snake:3  | Found a shadowy altar of Dithmenos.
 32950 | Snake:3  | Gained mutation: You have an absolutely massive brain. (Int
                  | +6, Wiz) [demonic ancestry]
 32950 | Snake:3  | Reached XP level 17. HP: 117/117 MP: 22/22
 32994 | Snake:3  | Noticed Louise
 33002 | Snake:3  | Killed Louise
 33198 | Snake:3  | Upgraded the game from 0.31-a0-507-gbafd7f5274 to
                  | 0.31-a0-521-gc7390f8997
 33244 | Snake:4  | Entered Level 4 of the Snake Pit
 33462 | Snake:4  | Received a gift from Nemelex Xobeh
 34177 | Snake:4  | Lost mutation: You are agile. (Dex +4, Str/Int -1) [a
                  | shining eye]
 34182 | Snake:4  | Gained mutation: You occasionally lose the ability to drink
                  | potions when taking damage. [a shining eye]
 34455 | Swamp:1  | Entered Level 1 of the Swamp
 34508 | Swamp:1  | Learned a level 3 spell: Teleport Other
 34550 | Swamp:1  | Received a gift from Nemelex Xobeh
 35111 | Swamp:1  | Found a shadowy altar of Dithmenos.
 35328 | Swamp:2  | Received a gift from Nemelex Xobeh
 35573 | Swamp:2  | Reached skill level 20 in Unarmed Combat
 35643 | Swamp:1  | Lost mutation: You occasionally lose the ability to drink
                  | potions when taking damage. [potion of mutation]
 35643 | Swamp:1  | Lost mutation: You are resistant to electric shocks.
                  | (rElec) [potion of mutation]
 35643 | Swamp:1  | Gained mutation: Your muscles are strong. (Str +4, Int/Dex
                  | -1) [potion of mutation]
 35643 | Swamp:1  | Gained mutation: Armour fits poorly on your strangely
                  | shaped body. [potion of mutation]
 35643 | Swamp:1  | Gained mutation: Your flesh is cold resistant. (rC+)
                  | [potion of mutation]
 35644 | Swamp:1  | Lost mutation: Your flesh is cold resistant. (rC+) [potion
                  | of mutation]
 35644 | Swamp:1  | Lost mutation: You are covered in fur. (AC +1) [potion of
                  | mutation]
 35644 | Swamp:1  | Lost mutation: Armour fits poorly on your strangely shaped
                  | body. [potion of mutation]
 35644 | Swamp:1  | Lost mutation: You are partially covered in large bone
                  | plates. (SH +4) [potion of mutation]
 35644 | Swamp:1  | Gained mutation: You have hidden genetic potential. [potion
                  | of mutation]
 35644 | Swamp:1  | Gained mutation: You have a beak for a mouth. [potion of
                  | mutation]
 35855 | Swamp:2  | Reached skill level 1 in Shields
 35931 | Swamp:2  | Received a gift from Nemelex Xobeh
 36243 | Swamp:2  | HP: 3/120 [alligator (5)]
 36394 | Swamp:3  | Reached XP level 18. HP: 101/127 MP: 18/23
 36764 | Swamp:3  | Received a gift from Nemelex Xobeh
 37231 | Swamp:4  | Entered Level 4 of the Swamp
 37723 | Swamp:4  | Reached skill level 5 in Translocations
 37984 | Swamp:4  | Received a gift from Nemelex Xobeh
 38093 | Swamp:4  | Identified the ring of the Sky {rC- rN+ rCorr Int+3 Stlth+}
 38399 | Swamp:4  | Got a decaying rune of Zot
 38665 | Vaults:1 | Entered Level 1 of the Vaults
 38977 | Vaults:1 | Shot with an arrow by a centaur warrior

Illustrated notes

Levels and vault maps discovered:
D:1:      heliophobic_arrival_henge, layout_basic, minivault_19, st_stairs_7,
          minivault_24
D:2:      wad_river_or_something, layout_loops_ring, basic_altar, st_stairs_10
D:3:      layout_loops_ring, serial_shops,
          nicolae_shop_competitors_out_of_business, minmay_crystal_water,
          wander_ebering_terrifying_dragon_lair
D:4:      minmay_chambers_of_twos, layout_basic, mainiacjoe_overflow_brackets,
          chequers_hall_statues_y, minivault_5, minmay_misc_feat_roman,
          uniq_sigmund
D:5:      layout_loops_ring, fiery_altar_vehumet,
          minmay_temple_entry_mini_moons, nicolae_ossuary_entry_ruins,
          gammafunk_ghost_stat_death, st_stairs_2
D:6:      layout_loops_ring, marbit_many_paths, serial_shops,
          nicolae_shop_waterfront, corexii_hall_statues_i
D:7:      layout_rooms, lemuel_coloured_pillars_altar, slow_altar_1,
          serial_shops, shop, shop
D:8:      layout_basic, chequers_temple_overflow_statue_of_worship,
          nicolae_blasting_shop, minmay_orc_keep
D:9:      layout_rooms, minitemple, serial_shops, shop, minmay_the_grid_2x2
          [minmay_the_grid_odd_star, minmay_the_grid_zigzag_pyramid,
          minmay_the_grid_spikes, minmay_the_grid_prize_inner_circle],
          uniq_erolcha
D:10:     layout_cave_pools
D:11:     layout_basic, david_lair_generic, uniq_urug
D:12:     layout_cave_pools, kennysheep_orc_monster_closet_entryway,
          serial_column_ruins, column_ruins_circle_large,
          column_ruins_square_medium, column_ruins_open_large,
          column_ruins_columns_straight, column_ruins_open_tiny,
          column_ruins_grid_3
D:13:     layout_gridville, david_vaults_1, nzn_hepliaklqana_mist_gate,
          uniq_jorgrun
D:14:     layout_roguey, nicolae_qazlal_general_emergency,
          portal_ice_cave_entry_ice_statue_two, dreamdust_looks_like_rain
D:15:     gammafunk_enter_depths_forms, layout_cave_pools,
          chequers_serial_rivers_small_b
Temple:   nicolae_temple_figure_zero
Lair:1:   layout_layer_cave, special_room [special_room_bee],
          serial_bayou_pond_a
Lair:2:   layout_cave_pods, minmay_swamp_entry_reptiles, gammafunk_ghost_arena,
          serial_bayou_pond_e
Lair:3:   layout_cellular_growth, alex1729_snake_entry_snake,
          chequers_serial_rivers_room_b, wad_woods_river_02,
          beast_lair_carwin_1, lemuel_fruit_fields
Lair:4:   layout_long_grid
Lair:5:   hellmonk_lair_end_abyssal_woods, layout_gridlike, slime_entry_1,
          infiniplex_staircase_pool
Swamp:1:  layout_basic_swamp, basic_altar
Swamp:2:  layout_basic_swamp, serial_swamp_ruin, evilmike_swamp_ruin_house_1,
          evilmike_swamp_ruin_house_2, nicolae_swamp_baby_hydras
Swamp:3:  layout_basic_swamp, evilmike_swamp_ruin_house_5
Swamp:4:  swamp_fiery, layout_basic_swamp, swamp_pool4,
          evilmike_swamp_ruin_rubble_1, cheibrodos_swamp_witchery
Snake:1:  layout_honeycomb, uniq_kirke
Snake:2:  layout_basic
Snake:3:  layout_basic, basic_altar, nicolae_elevator_lobby_plus, uniq_vashnia,
          uniq_aizul, uniq_louise
Snake:4:  grunt_snake_rune_serpentine_throne, layout_layer_cave,
          nicolae_snake_springs, serial_bayou_shore_a
Orc:1:    layout_caves, basic_altar, gammafunk_ghost_split
Orc:2:    grunt_orc_community_town_hall, layout_diamond_mine,
          grunt_orc_community_big_house_1, grunt_orc_community_big_house_2,
          grunt_orc_community_house_3, grunt_orc_community_house_1,
          grunt_orc_community_house_1, grunt_orc_community_house_2, uniq_snorg,
          uniq_nessos, uniq_sonja, uniq_saint_roka
Vaults:1: v_misc_24, nicolae_vaults_offset_grid_hallway_4,
          nicolae_vaults_border_crossing, hangedman_vaults_restitches,
          hangedman_vaults_stagger, ontoclasm_vaults_spin,
          hangedman_vaults_river_flow, v_alt_pattern_4,
          nicolae_vaults_closet_pinwheel_4, vaults_mumra_bighexcomb,
          ontoclasm_vaults_loading_screen, vaults_dpeg_cross,
          nicolae_vaults_house_1, layout_vaults_maze_snakey

Skill      XL: |  1  2  3  4  5  6  7  8  9 10 11 12 13 14 15 16 17 18 |
---------------+-------------------------------------------------------+-----
Unarmed Combat | 3 4 5 6 7 8 10 11 12 13 15 16 18 19 20 | 20.6
Shapeshifting  | 3 4 5 6 7 9 10 11 12 13 | 13.3
Dodging        | 2 3 4 6 7 9 10 11 12 13 14 | 14.3
Armour         | 1 2 3 5 6 7 |  7.2
Invocations    | 1 3 4 6 7 |  7.0
Fighting       | 2 3 4 5 7 |  7.3
Translocations | 4 5 |  5.0
Shields        | 1 4 |  4.1

Action                     |  1- 3 |  4- 6 |  7- 9 | 10-12 | 13-15 | 16-18 || total
---------------------------+-------+-------+-------+-------+-------+-------++-------
  Melee: Unarmed           |   131 |   126 |   357 |   407 |  1138 |   964 ||  3123
         Punch             |     4 |     2 |     6 |       |     2 |     9 ||    23
         Touch             |       |    17 |    66 |    36 |   255 |   168 ||   542
         Constrict         |       |       |       |    42 |    31 |    14 ||    87
         Maw               |       |       |       |       |     5 |   101 ||   106
         Peck              |       |       |       |       |       |    80 ||    80
   Cast: Blink             |       |       |       |       |       |    13 ||    13
         Teleport Other    |       |       |       |       |       |    47 ||    47
 Invoke: Draw Destruction  |       |       |     7 |    25 |    35 |    25 ||    92
         Draw Summoning    |       |       |       |     9 |    11 |     8 ||    28
         Draw Escape       |       |       |       |     4 |    12 |    13 ||    29
         Triple Draw       |       |       |       |       |     1 |       ||     1
         Deal Four         |       |       |       |       |     2 |     6 ||     8
  Evoke: Wand              |       |       |     1 |    26 |    27 |    16 ||    70
         Condenser vane    |       |       |       |       |       |     1 ||     1
    Use: Potion            |     2 |     4 |     1 |    10 |    11 |    28 ||    56
         Scroll            |     2 |     5 |     6 |    10 |    14 |    10 ||    47
   Stab: Sleeping          |     2 |     2 |       |     2 |       |       ||     6
         Distracted        |       |       |       |     2 |     3 |     5 ||    10
         Invisible         |       |       |       |       |     4 |       ||     4
         Petrifying        |       |       |       |       |     2 |       ||     2
 Armour: Animal skin       |    25 |     8 |       |       |       |       ||    33
         Skin              |     4 |       |       |    43 |    53 |    28 ||   128
         Plate armour      |       |    97 |   125 |       |       |       ||   222
         Scale mail        |       |       |    32 |    21 |   147 |    99 ||   299
  Dodge: Dodged            |    99 |   109 |   243 |   408 |   988 |   900 ||  2747
  Block: Other             |       |       |       |       |   137 |    94 ||   231
         Buckler           |       |       |       |       |       |    76 ||    76
   Form: Beast             |     2 |     3 |     3 |     1 |     1 |       ||    10
         Flux              |     2 |     2 |     3 |     3 |     5 |     1 ||    16
                           |     1 |     2 |     1 |       |       |     1 ||     5
         Anaconda          |       |       |       |     4 |     3 |     2 ||     9
         Maw               |       |       |       |       |     1 |     2 ||     3

Table legend: (Time is in decaauts)
 A = Elapsed time spent in this place.
 B = Non-inter-level travel time spent in this place.
 C = Inter-level travel time spent in this place.
 D = Time resting spent in this place.
 E = Time spent auto-exploring this place.
 F = Levels seen in this place.
 G = Mean time per level.
                   A        B        C        D        E       F      G
               +--------+--------+--------+--------+--------+-----+--------+
         Total |  38434 |  35588 |   2846 |   1489 |  27249 |  35 | 1098.1 |
       Dungeon |  16117 |  14474 |   1643 |    353 |  11505 |  15 | 1074.5 |
        Temple |     40 |      2 |     38 |      0 |      0 |   1 |   40.0 |
          Lair |   7325 |   6788 |    537 |      0 |   5712 |   5 | 1465.0 |
         Swamp |   4125 |   3854 |    271 |    181 |   2714 |   4 | 1031.2 |
     Snake Pit |   5418 |   5149 |    269 |    509 |   3605 |   4 | 1354.5 |
  Orcish Mines |   2319 |   2234 |     85 |      0 |   1936 |   2 | 1159.5 |
        Vaults |    294 |    294 |      0 |      0 |    240 |   1 |  294.0 |
         Abyss |    618 |    618 |      0 |      0 |    409 |   1 |  618.0 |
       Ossuary |    290 |    290 |      0 |      0 |    175 |   1 |  290.0 |
      Ice Cave |   1884 |   1884 |      0 |    446 |    950 |   1 | 1884.0 |
               +--------+--------+--------+--------+--------+-----+--------+

Top non-repeatable levels by time:
 Snake:1: 2089 daAuts
   IceCv: 1884 daAuts
  Lair:5: 1735 daAuts
  Lair:3: 1718 daAuts
  Lair:1: 1681 daAuts
     D:9: 1510 daAuts
    D:13: 1482 daAuts
     D:8: 1415 daAuts
 Snake:3: 1405 daAuts
  Lair:2: 1328 daAuts
 Swamp:4: 1250 daAuts
   Orc:2: 1227 daAuts
     D:5: 1209 daAuts
    D:11: 1190 daAuts
     D:4: 1158 daAuts
